[Event "FIDE Women GP Shimkent 2024"]
[Site "Shimkent"]
[Date "2024.11.01"]
[Round "3.1"]
[White "Divya Deshmukh"]
[Black "Goryachkina, Aleksandra"]
[Result "0-1"]
[ECO "C47"]
[WhiteElo "2501"]
[BlackElo "2533"]
[Annotator "TA"]
[PlyCount "80"]
[EventDate "2024.10.11"]
[EventType "tourn"]
[EventCountry "KAZ"]
[SourceTitle "playchess.com"]
[Source "ChessBase"]
[SourceQuality "1"]
[TimeControl "40/5400+30:1800+30"]

1. e4 e5 2. Nf3 Nc6 3. Nc3 Nf6 4. d4 exd4 5. Nxd4 Bb4 6. Nxc6 bxc6 7. Bd3 O-O 8. O-O d5 9. exd5 cxd5 10. h3 c6 11. Qf3 Re8 12. Bf4 {[%emt 0:01:18] The position is equal.} Be6 13. Ne2 Bd6 14. Rfe1 Qb8 15. b3 (15. Bxd6 {simplifies} Qxd6 16. Qf4 Qxf4 17. Nxf4 Bd7 18. c4) 15... Bd7 {[%emt 0:02:30][%cal Oe8e2] [#] ...Rxe2! is the strong threat.} (15... Bxf4 {simplifies} 16. Qxf4 a5 17. Qxb8 Raxb8 18. Rad1 h6) 16. Qg3 (16. Bxd6 {simplifies} Qxd6 17. Qg3 Qxg3 18. Nxg3 c5 19. f3) 16... Bxf4 17. Nxf4 (17. Qxf4 {simplifies} c5 18. Qxb8 Raxb8 19. f3) 17... Qb4 18. c3 Qa3 19. Red1 a5 20. Rd2 Re7 21. Rad1 Rae8 22. Kh2 Re5 23. c4 (23. Qf3 {simplifies} Qd6 24. Kg1 a4 25. c4) 23... h6 24. cxd5 cxd5 25. Bb1 Bf5 26. Bxf5 Rxf5 27. f3 {[%emt 0:02:13] Dodges Ne4} Rg5 28. Qh4 Qd6 {[%emt 0:03:18] [#] And now ...Rf5 would win.} 29. Kh1 Rge5 30. Nd3 (30. Qf2 $11) 30... Re3 $15 31. Qf4 Qb6 32. b4 (32. Qh4 $1 $15) 32... axb4 $17 33. Rb1 $2 {[%emt 0:03:18][%mdl 8192] Loses the game.} (33. Qh4 $17 {is more resistant.}) 33... g5 $19 34. Qf5 Qd6 35. Rdd1 (35. Rxb4 $2 {is a self mate.} Re1+ 36. Nxe1 Rxe1#) (35. h4 $142 Nh5 (35... gxh4 36. Qf4 $15) 36. Qg4 Ng3+ 37. Kg1) 35... Nh5 {[%emt 0:05:07] aiming for ...Ng3+.} 36. Kg1 Ng3 37. Qg4 Ne2+ 38. Kf2 Nc3 (38... Qb6 $142 39. g3 Rxd3+ (39... R3e4+ $2 40. Kg2 $19) 40. Kg2 Nf4+ 41. gxf4 Re2+ 42. Kh1 Qf2 43. Qc8+ Kg7 44. Qf8+ Kxf8 45. Rxd3 Qh2#) 39. Qxb4 Qh2 40. Rg1 Rxd3 {[%emt 0:01:58] Weighted Error Value: White=0.70/Black=0.20 (precise) .  Loses game:     	White=1     	---        Mistake:       	White=3     	---        Inaccurate:     	White=1     	---        OK:         	White=10    	Black=12     Best:        	---       	Black=2} 0-1

[Event "FIDE Women GP Shimkent 2024"]
[Site "Shimkent"]
[Date "2024.11.01"]
[Round "3.2"]
[White "Tan, Zhongyi"]
[Black "Lagno, Kateryna"]
[Result "1-0"]
[ECO "D02"]
[WhiteElo "2551"]
[BlackElo "2527"]
[Annotator "TA"]
[PlyCount "81"]
[EventDate "2024.10.11"]
[EventType "tourn"]
[EventCountry "KAZ"]
[SourceTitle "playchess.com"]
[Source "ChessBase"]
[SourceQuality "1"]
[TimeControl "40/5400+30:1800+30"]

1. d4 d5 2. Nf3 Nf6 3. Bf4 c5 4. e3 Nc6 5. Nbd2 Nh5 6. dxc5 {[%emt 0:05:50] D02: 1 d4 d5 2 Nf3 sidelines, including 2...Nf6 3 g3 and 2...Nf6 3 Bf4.} Nxf4 7. exf4 a5 8. a4 Bg4 $146 ({Predecessor:} 8... g6 9. Bb5 Bg7 10. Ne5 Qc7 11. Ndf3 f6 12. Nd3 O-O 13. c4 d4 14. O-O e5 {½-½ Koellner,R (2440)-Pechac,J (2597) Mitropa Cup Corte 2022 (7.1)}) 9. Bb5 e6 10. Nb3 Qc7 11. h3 Bxf3 12. Qxf3 g6 13. Qc3 Rg8 14. O-O Bg7 15. Qf3 Kf8 (15... Bxb2 $11 {should be considered.} 16. Rab1 Bg7) 16. c3 $14 Bf6 17. Rfe1 Kg7 18. Rad1 Rgd8 19. Nd4 Rac8 20. Qe3 Kg8 21. g3 Ne7 22. b4 b6 $2 (22... Rb8 $16) 23. Nxe6 $1 $18 fxe6 24. Qxe6+ (24. cxb6 Qxc3 25. Qxe6+ Kg7 $18) 24... Kg7 25. cxb6 Qxc3 26. bxa5 Qxa5 {[%emt 0:01:12] [#]} 27. g4 $1 h6 $2 {[%emt 0:03:20] [#]} (27... Ng8 28. g5 (28. Rxd5 $2 Rxd5 29. Kf1 Rcd8 $19) 28... Bc3 29. Rxd5 Rxd5 (29... Bxe1 30. Rd7+ Rxd7 31. Qxd7+ Kh8 32. Qd4+) 30. Qxc8 Bxe1 31. Qb7+ Kf8 32. Qxd5 Qxb6) 28. h4 $1 $18 Bxh4 (28... Ng8 $142 29. g5 (29. Rxd5 $2 Rxd5 30. b7 Rb8 $19) 29... Bc3) 29. g5 $1 $18 Nf5 30. Qf6+ (30. Rxd5 Bxf2+ (30... hxg5 $2 31. Rxf5 Qd2 32. Rf7+ Kh6 33. Qe2 $18) (30... Rxd5 31. Qf6+ Kg8 32. Qxg6+ Kh8 33. Qf6+ Kg8 34. Re7 $11) 31. Kxf2 Rxd5 32. Qf6+ (32. Qxd5 Rc2+ 33. Re2 Qxb6+ 34. Kf3 Rc3+ 35. Bd3 Nd4+ 36. Ke4 Nxe2 $11) (32. Qxc8 Qd2+ 33. Kf1 Ng3+ 34. Kg1 Qxe1+ 35. Kg2 Rd2+ 36. Kh3 Qh1+ 37. Kg4 h5+ 38. Kxg3 Qg2+ 39. Kh4 Qf2+ 40. Kh3 Qh2#) 32... Kg8 33. Qe6+ (33. Qxg6+ $2 Ng7 $19) 33... Kh7 34. Qf7+ (34. Qxd5 Rc2+ 35. Re2 Qxb6+ 36. Kf3 Rxe2 $11) (34. Qxc8 Qd2+ 35. Kg1 Qxe1+ 36. Bf1 Qe3+ 37. Kh1 Ng3+ 38. Kh2 Nxf1+ 39. Kh1 Ng3+ 40. Kh2 Rd2+ 41. Kh3 Nh5+ 42. Kh4 Qg3#) 34... Kh8 35. Qxd5 Rc2+ (35... Qxb6+ 36. Kf3 $14) 36. Re2 Qxb6+ 37. Kf3 Nd4+ 38. Kg2 Rxe2+ $11 (38... Nxe2 39. Qe5+ Kh7 40. Qe7+ Kg8 41. Qe8+ Kg7 42. Qe7+ Kg8 43. Bc4+ Rxc4 44. Qe8+ Kg7 45. Qe7+ Kg8 46. Qe8+ Kg7 47. Qe7+ Kg8 $11)) 30... Kh7 31. Qf7+ (31. Re7+ $142 Nxe7 32. Qxe7+ Kg8 33. Qe6+ Kh8 34. Qf6+ (34. Qxg6 Bxf2+ 35. Kxf2 Qc3 $18) 34... Kg8 35. Qxg6+ Kh8 36. Bd3 (36. gxh6 $2 Rg8 $19) (36. Qxh6+ Kg8 $18)) 31... Kh8 $18 32. Qf6+ (32. Qxg6 $18 Rf8 33. Re7 (33. gxh6 $2 Rg8 $19) (33. Re5 Bxf2+ 34. Kxf2 Rc2+ 35. Re2 Qc3 $11) 33... Bxf2+ (33... Nxe7 $2 34. Qxh6+ Kg8 35. g6 $18) 34. Kf1 (34. Kxf2 Rc2+ 35. Kf1 Nxe7 $18) 34... Nxe7 35. Qxh6+ Kg8 36. g6 (36. Kxf2 $2 Qb4 $19)) 32... Kh7 33. Re7+ Nxe7 34. Qxe7+ Kh8 35. Qf6+ Kh7 36. f5 Rg8 37. fxg6+ (37. Rxd5 {is a self mate.} Qe1+ (37... Bxg5 38. Rd7+) 38. Bf1 Qxf2+ (38... Bxf2+ 39. Kh2 Bg3+ 40. Kh3 Qxf1+ 41. Kxg3 Qe1+ 42. Kf3 Rc3+ 43. Qxc3 Qxc3+ 44. Kf4 hxg5+ 45. Kg4 Re8 46. Rd7+ Kh6 47. Rh7+ Kxh7 48. a5 Qe3 49. fxg6+ Kxg6 50. b7 Re4#) 39. Kh1 Qxf1+ 40. Kh2 Rc2+) 37... Rxg6 38. Bd3 Rcg8 39. Qf7+ Kh8 40. Bxg6 Bxf2+ 41. Kg2 ({Not} 41. Kxf2 Qxb6+ 42. Kf3 Rxg6 $11) 1-0

[Event "FIDE Women GP Shimkent 2024"]
[Site "Shimkent"]
[Date "2024.11.01"]
[Round "3.3"]
[White "Munguntuul, Batkhuyag"]
[Black "Koneru, Humpy"]
[Result "0-1"]
[ECO "C78"]
[WhiteElo "2344"]
[BlackElo "2530"]
[Annotator "TA"]
[PlyCount "64"]
[EventDate "2024.10.11"]
[EventType "tourn"]
[EventCountry "KAZ"]
[SourceTitle "playchess.com"]
[Source "ChessBase"]
[SourceQuality "1"]
[TimeControl "40/5400+30:1800+30"]

1. e4 e5 2. Nf3 Nc6 3. Bb5 a6 4. Ba4 Nf6 5. O-O Bc5 6. d3 b5 7. Bb3 O-O 8. Bg5 h6 9. Bh4 Be7 10. a3 d6 {[%emt 0:01:33] The position is equal.} 11. Bxf6 Bxf6 12. Nc3 g6 13. Nd5 Bg7 14. c3 Kh8 15. Nd2 Na5 16. Ba2 f5 17. f4 ({White should play} 17. exf5 $11 Bxf5 18. Qc2) 17... c6 (17... fxe4 $5 18. fxe5 (18. Nxe4 c6 $17) 18... exd3 $15) 18. Ne3 Qb6 {[%emt 0:07:44] Hoping for ...exf4.} 19. Qe2 $2 {[%emt 0:00:07] This costs White the game.} (19. Qe1 $1 $15) 19... fxe4 $19 20. fxe5 {[%emt 0:11:58] [#]} Bg4 $1 21. Qe1 ({Much worse is} 21. Qxg4 Qxe3+ 22. Kh1 Qxd2 $19) 21... exd3 (21... Bxe5 $2 {perishes.} 22. d4 Bxd4 23. cxd4 Qxd4 24. Rf2 $18) 22. Rxf8+ Rxf8 23. exd6 Nb7 24. Kh1 Be2 25. Qg3 {[%emt 0:00:45] [#]} Nxd6 26. Rg1 (26. Nef1 Rf6) 26... Qc5 {[%emt 0:03:31] Black is clearly winning.} 27. Bb1 Be5 28. Qh3 {[%emt 0:00:06] White is weak on the dark squares} Bf4 {[%emt 0:00:07] This pair of bishops is nice.} 29. Nef1 Qf5 {[%emt 0:00:27] Strongly threatening ...Qxh3.} 30. g4 Qd5+ 31. Qg2 Nc4 (31... Bxg4 32. Qxd5 cxd5 33. Rxg4 $16) 32. Ne4 Ne3 {[%emt 0:01:28] Weighted Error Value: White=0.71/Black=0.17 (very precise) .  Loses game:     	White=1     	---        Mistake:       	White=1     	---        Inaccurate:     	White=3     	---        OK:         	White=5     	Black=11     Best:        	White=3     	Black=2      Brilliant:      	---       	Black=1} 0-1

[Event "FIDE Women GP Shimkent 2024"]
[Site "Shimkent"]
[Date "2024.11.01"]
[Round "3.4"]
[White "Salimova, Nurgyul"]
[Black "Paehtz, Elisabeth"]
[Result "1/2-1/2"]
[ECO "A49"]
[WhiteElo "2405"]
[BlackElo "2458"]
[Annotator "TA"]
[PlyCount "67"]
[EventDate "2024.10.11"]
[EventType "tourn"]
[EventCountry "KAZ"]
[SourceTitle "playchess.com"]
[Source "ChessBase"]
[SourceQuality "1"]
[TimeControl "40/5400+30:1800+30"]

1. d4 Nf6 2. Nf3 g6 3. g3 Bg7 4. Bg2 O-O 5. O-O c6 6. Re1 d5 7. Nbd2 Bf5 8. Nh4 Be6 9. c3 Nbd7 10. e4 dxe4 11. Nxe4 Nxe4 12. Bxe4 Bd5 13. Bxd5 cxd5 14. Qb3 Nb6 15. Nf3 e6 16. a4 Qc8 17. Bf4 Nc4 18. Qc2 Qd8 19. h4 h5 20. Re2 Qf6 21. a5 b6 22. a6 Qf5 23. Qxf5 gxf5 24. Ne1 Rfc8 25. Nd3 Bf8 26. f3 Be7 27. Bg5 Bd6 28. Rg2 Kh7 29. Bf4 Be7 30. Re1 Rg8 31. Bc1 Bd6 32. Bf4 Be7 33. Bc1 Bd6 34. Bf4 {[%emt 0:01:16] Not much happened in this game.   Weighted Error Value: White=0.07 (flawless) /Black=0.04 (flawless) .  Inaccurate:     	White=1     	Black=1      OK:         	White=6     	Black=14} 1/2-1/2

[Event "FIDE Women GP Shimkent 2024"]
[Site "Shimkent"]
[Date "2024.11.01"]
[Round "3.5"]
[White "Assaubayeva, Bibisara"]
[Black "Tsolakidou, Stavroula"]
[Result "1/2-1/2"]
[ECO "E92"]
[WhiteElo "2487"]
[BlackElo "2439"]
[Annotator "TA"]
[PlyCount "94"]
[EventDate "2024.10.11"]
[EventType "tourn"]
[EventCountry "KAZ"]
[SourceTitle "playchess.com"]
[Source "ChessBase"]
[SourceQuality "1"]
[TimeControl "40/5400+30:1800+30"]

1. Nf3 Nf6 2. c4 g6 3. Nc3 Bg7 4. d4 O-O 5. e4 d6 6. Be2 e5 7. d5 a5 8. Bg5 h6 9. Be3 Ng4 {[%emt 0:01:00] E92: King's Indian: Classical: 6 Be2 e5: 7 dxe5, 7 Be3 and Petrosian System without 7...Nbd7.} 10. Bd2 f5 11. h3 Nf6 12. exf5 gxf5 13. g4 fxg4 14. hxg4 Nxg4 15. Ne4 Na6 16. Nh4 (16. Bxa5 $2 Rf4 17. Ng3 e4 $19) 16... Nc5 $1 17. Bxg4 (17. Nxc5 $2 Nxf2 18. Qb3 Nxh1 $19) 17... Nxe4 18. Be3 Qf6 19. Bxc8 Raxc8 20. Qc2 Ng5 21. O-O-O c6 22. Kb1 Rf7 $146 ({Predecessor:} 22... cxd5 23. Rxd5 Qe6 24. Qd3 Qg4 25. Ng6 Rf7 26. Rxd6 Qe4 27. Qxe4 Nxe4 28. Re6 Nxf2 29. Rg1 Nh3 30. Rg4 Kh7 31. Nxe5 Rf5 {½-½ Devnani,K (2230)-Sredojevic,I (2267) Budapest FS03 IM-2 2024 (4)}) 23. f4 cxd5 $1 (23... exf4 $6 24. Bd4 Qe7 25. Rde1 $18) 24. fxg5 hxg5 25. Bxg5 Qxg5 26. Rxd5 Rf4 27. Qg6 {[%emt 0:02:19] [#]} (27. Ng2 $11 Rfxc4 28. Qh7+ Kf8 29. Rf1+ Bf6 (29... Ke7 30. Ne3 $11) 30. Ne3 (30. Rxa5 $2 Rc1+ 31. Rxc1 Rxc1#) 30... Rc1+ 31. Rxc1 Rxc1+ 32. Kxc1 Qxe3+ 33. Kb1 Qe1+ 34. Kc2) 27... Qf6 $1 $17 28. Rxd6 (28. Qh5 e4 29. Rd2 e3 (29... Rxc4 30. Qd5+ Qf7 31. Qxd6 $11) 30. Qd5+ Kf8 (30... Qf7 $2 31. Re2 $19) 31. Qxd6+ Qxd6 32. Rxd6 Rf2 (32... Rcxc4 $2 33. Ng6+ Kf7 34. Nxf4 $18) (32... Rfxc4 33. Rf1+ Ke8 34. Nf5 $11) 33. Ng6+ Kf7 34. Rd7+ Kxg6 $19) 28... Rf1+ 29. Rd1 Qxg6+ (29... Rxd1+ 30. Rxd1 Qxg6+ (30... Qxh4 $2 {is the wrong capture.} 31. Qe6+ Kh8 32. Qxc8+ Kh7 33. Qxb7 $18) 31. Nxg6) 30. Nxg6 Rxh1 31. Rxh1 Rxc4 32. Re1 Rc5 $1 33. Ne7+ Kf7 34. Nf5 Bf8 35. Ng3 Be7 36. Ne4 Rc6 37. Rc1 Rb6 (37... Rxc1+ 38. Kxc1 Ke6 39. Kd2 $15) 38. Rc7 Ke6 39. Kc2 Rb4 40. Nc3 Bd6 41. Rh7 Be7 42. Rh6+ Bf6 43. Rh7 e4 (43... b6 $17) 44. a3 $11 Rb6 45. Nxe4 Rxb2+ (45... Bxb2 $2 {too greedy.} 46. Rh6+ Kd7 47. Rxb6 $18) 46. Kc1 Bd4 47. Nc5+ Kd5 (47... Bxc5 48. Kxb2 b5 49. Rb7 $18) 1/2-1/2